 Dungeon Crawl Stone Soup version 0.27.0-1-g7a089689b8 (webtiles) character file.

Game seed: 14725545234609148433

320 dolemite99 the Spear-Bearer (level 6, -24/47 HPs)
             Began as a Merfolk Abyssal Knight on Aug 7, 2021.
             Was a Believer of Lugonu.
             Annihilated by an ogre (29 damage)
             ... on level 3 of the Dungeon.
             The game lasted 00:06:14 (5260 turns).

dolemite99 the Spear-Bearer (MfAK)                  Turns: 5260, Time: 00:06:14

Health: -24/47     AC:  8    Str: 15    XL:     6   Next: 46%
Magic:  7/7        EV:  7    Int: 11    God:    Lugonu [**....]
Gold:   167        SH:  0    Dex: 13    Spells: 5/5 levels left

rFire    . . .     SeeInvis .   l - +0 halberd
rCold    . . .     Faith    .   (shield currently unavailable)
rNeg     . . .     Spirit   .   m - +0 chain mail
rPois    .         Reflect  .   (no helmet)
rElec    .         Harm     .   (no cloak)
rCorr    .         Rampage  .   (no gloves)
Will     .....                  (no boots)
Stlth    ..........             (no amulet)
HPRegen  0.15/turn              (no ring)
MPRegen  0.10/turn              (no ring)

@: no status effects
A: (nimble swimmer 2), mertail
a: Renounce Religion, Depart the Abyss, Bend Space


You were on level 3 of the Dungeon.
You worshipped Lugonu.
Lugonu was pleased with you.
You visited 1 branch of the dungeon, and saw 4 of its levels.
You visited the Abyss 1 time.

You collected 167 gold pieces.

Inventory:

Hand Weapons
 a - a +1 spear
 j - a +0 hunting sling
 l - a +0 halberd (weapon)
Missiles
 c - 84 stones
 g - 4 boomerangs
 i - 57 arrows
Armour
 b - a +0 leather armour
 k - +1 ice dragon scales
 m - a +0 chain mail (worn)
Magical Staves
 f - a staff of air
Wands
 o - a wand of flame (24)
Scrolls
 p - a scroll of amnesia
 q - 2 scrolls of magic mapping {unknown}
Potions
 d - a potion of ambrosia
 e - a potion of cancellation
 h - 3 potions of brilliance


   Skills:
 - Level 3.2 Fighting
 + Level 9.6 Polearms
 - Level 0.6 Armour
 - Level 2.6 Dodging
 - Level 2.0 Invocations


You had 5 spell levels left.
You didn't know any spells.
Your spell library contained the following spells:

 Spells                   Type           Power      Damage    Failure   Level
 Magic Dart               Conj           0%         1d3       100%        1
 Call Imp                 Summ           0%         N/A       100%        2
 Mephitic Cloud           Conj/Pois/Air  0%         N/A       100%        3
 Ozocubu's Armour         Ice            0%         N/A       100%        3
 Ozocubu's Refrigeration  Ice            0%         4d5       100%        7


Dungeon Overview and Level Annotations

Branches:
Dungeon (4/15)
 Temple: D:4-7

Altars:
Qazlal
Vehumet
Zin

Annotations:
D:4 exclusion: statue


Innate Abilities, Weirdness & Mutations

((You are quick and stealthy near water. (Stealth+, EV+, Speed+++)))
Your lower body shifts to a powerful aquatic tail in water.


Message History

You barely miss the phantom.
The phantom is heavily damaged.
The phantom barely misses you.
You miss the phantom.
The phantom is heavily damaged.
The phantom hits you but does no damage.
You miss the phantom.
The phantom is heavily damaged.
The phantom barely misses you.
You puncture the phantom!
The phantom is almost destroyed.
The phantom hits you but does no damage.
You hit the phantom.
You destroy the phantom!
Lugonu accepts your kill.
You start resting.
HP restored.
There is a stone staircase leading down here.
You climb downwards.
Level annotation: exclusion: statue The ogre hits you with a +0 giant club.
The adder skeleton barely misses you. The orc hits you but does no damage.
The orc throws a stone.
The stone barely misses you.
There is a stone staircase leading up here.
HP restored.
The jelly quivers.
The ogre hits you with a +0 giant club!!
The adder skeleton bites you but does no damage.
The orc hits you from afar with a +0 trident.
You climb upwards.
There is a stone staircase leading down here.
You hit the ogre.
The ogre is lightly wounded.
The ogre hits you with a +0 giant club!!
* * * LOW HITPOINT WARNING * * *
You closely miss the ogre.
The ogre is lightly wounded.
The ogre hits you with a +0 giant club!!
Ouch! That really hurt!
You die...

#.# #######. #.#
#....... #.##
#.###### #..# #.#
##.# #.# #.# #.# #.#
#.#
#.###########.######
#.#@#.#.#)#.#.#.#.#.
#.O.................
#.#.#.#.#.#.#.#.#.#.
#......^............
###.#.#.#.#.#.#.#.#.
##################


You could see an ogre.

Vanquished Creatures
  A phantom (D:3)
  2 orc priests
  7 adders
  3 gnolls
  An adder skeleton (D:4)
  5 dart slugs
  3 orcs (D:3)
  9 bats
  6 endoplasms
  2 giant cockroaches
  6 goblins
  5 hobgoblins
  5 jackals
  3 quokkas (D:1)
  7 ball pythons
  6 frilled lizards
  6 kobolds
  4 rats
81 creatures vanquished.

Notes
Turn   | Place    | Note
-------+----------+-------------------------------------------
     0 | Abyss:1  | dolemite99 the Merfolk Abyssal Knight began the quest for
                  | the Orb.
     0 | Abyss:1  | Reached XP level 1. HP: 18/18 MP: 2/2
    71 | Abyss:2  | Noticed a flying skull
    71 | Abyss:2  | Noticed a flying skull
    72 | Abyss:2  | Noticed a flying skull
    72 | Abyss:2  | Noticed a flying skull
    73 | D:1      | Escaped the Abyss
   102 | D:1      | Reached skill level 4 in Polearms
   102 | D:1      | Reached XP level 2. HP: 21/24 MP: 3/3
   326 | D:1      | Reached * piety under Lugonu
   796 | D:1      | Reached skill level 5 in Polearms
   796 | D:1      | Reached XP level 3. HP: 29/29 MP: 4/4
  1449 | D:2      | Reached ** piety under Lugonu
  1450 | D:2      | Reached skill level 6 in Polearms
  1680 | D:2      | Reached XP level 4. HP: 35/35 MP: 5/5
  2703 | D:3      | Reached skill level 7 in Polearms
  2710 | D:3      | Found a stormy altar of Qazlal.
  2793 | D:3      | Reached XP level 5. HP: 24/41 MP: 6/6
  3475 | D:3      | Reached skill level 8 in Polearms
  3611 | D:3      | Found a glowing silver altar of Zin.
  4481 | D:4      | Found a radiant altar of Vehumet.
  4482 | D:4      | Noticed a charred statue
  4547 | D:4      | HP: 2/41 [orc priest (5)]
  4552 | D:4      | HP: 1/41 [orc priest (1)]
  4555 | D:4      | Reached skill level 9 in Polearms
  4555 | D:4      | Reached XP level 6. HP: 1/47 MP: 7/7
  5260 | D:3      | Annihilated by an ogre

Illustrated notes

Levels and vault maps discovered:
D:1:      wander_arrival_abandoned_jail, layout_loops_ring, minmay_3d_cube
D:2:      layout_basic, minmay_door_square
D:3:      layout_basic, mainiacjoe_overflow_paths, mainiacjoe_overflow_chevrons,
          st_stairs_13
D:4:      layout_loops_cross, vehumet_statue,
          chequers_temple_overflow_statue_of_worship

Skill      XL: |  1  2  3  4  5 |
---------------+----------------+-----
Polearms       | 4 5 6 7 9 |  9.6
Fighting       | |  3.2
Armour         | |  0.6
Dodging        | |  2.6
Invocations    | |  2.0

Action                   |  1- 3 |  4- 6 || total
-------------------------+-------+-------++-------
Melee: Spear             |   140 |   103 ||   243
       Halberd           |       |   106 ||   106
Invok: Depart the Abyss  |     1 |       ||     1
  Use: Scroll            |     1 |     4 ||     5
       Potion            |       |     4 ||     4
Armor: Leather armour    |    16 |       ||    16
       Ice dragon scales |    34 |    35 ||    69
       Chain mail        |       |    62 ||    62
Dodge: Dodged            |    36 |    79 ||   115
